 Dungeon Crawl Stone Soup version 0.21.1-1-g345015fe64 (webtiles) character file.

1311 Rrauwl the Fighter (level 8, -2/93 HPs)
             Began as an Ogre Monk on Mar 7, 2018.
             Slain by Menkaure (10 damage)
             ... on level 5 of the Dungeon.
             The game lasted 00:12:40 (3492 turns).

Rrauwl the Fighter (Ogre Monk)                      Turns: 3492, Time: 00:12:40

Health: -2/93      AC:  4    Str: 18    XL:     8   Next: 58%
Magic:  8/8        EV:  5    Int: 11    God:
Gold:   328        SH: 13    Dex:  9    Spells: 7/7 levels left

rFire    . . .     SeeInvis .   k - +1 whip (venom)
rCold    . . .     Gourm    .   n - +2 large shield
rNeg     . . .     Faith    .   b - +1 robe
rPois    .         Spirit   .   (helmet restricted)
rElec    .         Reflect  .   (no cloak)
rCorr    .         Harm     .   (gloves unavailable)
MR       .....     Clarity  +   (boots unavailable)
Stlth    +.........             (no amulet)
HPRegen  0.65/turn              (no ring)
MPRegen  0.11/turn              (no ring)

@: no status effects
A: large, unfitting armour, clarity, clumsy 1, mutation resistance 1,
regeneration 1, tough skin 1
a: no special abilities


You were on level 5 of the Dungeon.
You were not hungry.

You visited 1 branch of the dungeon, and saw 5 of its levels.

You collected 328 gold pieces.

Inventory:

Hand Weapons
 k - a +1 whip of venom (weapon)
Armour
 b - a +1 robe (worn)
 n - a +2 large shield (worn)
Wands
 f - a wand of iceblast (13)
Scrolls
 a - 3 scrolls of remove curse
 c - 5 scrolls of identify
 d - a scroll of enchant armour
 g - a scroll of amnesia
 i - a scroll of enchant weapon
 l - 2 scrolls of teleportation
Books
 m - a book of Callings

   Spells                             Type                      Level
   a - Summon Small Mammal            Summoning                    1
   b - Call Imp                       Summoning                    2
   c - Call Canine Familiar           Summoning                    3
   d - Summon Guardian Golem          Hexes/Summoning              3
   e - Summon Lightning Spire         Summoning/Air                4
   f - Summon Ice Beast               Ice/Summoning                4
Comestibles
 e - 3 rations
 j - a chunk of flesh


   Skills:
 + Level 9.8 Fighting
 + Level 6.8 Maces & Flails
 - Level 2.0 Throwing
 - Level 3.0 Dodging
 - Level 1.4 Stealth
 - Level 1.0 Evocations


You had 7 spell levels left.
You didn't know any spells.

Dungeon Overview and Level Annotations

Branches:
Dungeon (5/15)
 Temple: D:4-7

Altars:
Dithmenos

Annotations:
D:5 Menkaure


Innate Abilities, Weirdness & Mutations

You are too large for most types of armour.
You have tough skin. (AC +1)
You possess an exceptional clarity of mind.
You are clumsy. (Dex -2)
You are somewhat resistant to further mutation.
Your natural rate of healing is unusually fast.


Message History

Okay, then.
As you read the scroll of fear, it crumbles to dust.
You assume a fearsome visage.
Menkaure is unaffected.
The worm looks frightened!
You block Menkaure's attack.
You hit Menkaure.
Menkaure is heavily damaged.
You block Menkaure's attack.
Your shield prevents you from hitting Menkaure.
Menkaure is heavily damaged.
Menkaure calls on the powers of darkness!
Your body is wracked with pain!
* * * LOW HITPOINT WARNING * * *
The worm convulses!
You hit Menkaure but do no damage.
Menkaure is heavily damaged.
You block Menkaure's attack.
You closely miss Menkaure.
Menkaure is heavily damaged.
You block Menkaure's attack. Menkaure hits you!
You die...

### #.. #.# #.### #.#..
#M#.# # # #@#.# .#
#.##.#.#!######.## .
#.............#>..##[ ##
#................... ..
....##w##.........# #.
##..#...#.##.##..##
#.####........#...#..# #
...##..#............#
.##.
......##.#..#..(#..#.....


You could see Menkaure and a worm (fleeing).

Vanquished Creatures
  Pikel (D:4)
  The ghost of Draugr the Firebug, an amateur TeFE (D:4)
  A slave (D:4)
  2 phantoms
  A centaur (D:5)
  2 scorpions (D:4)
  A water moccasin skeleton (D:5)
  2 howler monkeys
  A hound (D:3)
  An iguana (D:4)
  3 worker ants
  Robin (D:2)
  8 adders
  A shadow imp (D:4)
  An ooze (D:3)
  An adder skeleton (D:4)
  3 worms
  4 leopard geckos
  4 orcs
  3 giant cockroaches
  18 goblins
  11 hobgoblins
  8 jackals
  6 kobolds
  A quokka (D:2)
  3 ball pythons
  3 bats
  5 frilled lizards
  7 rats
104 creatures vanquished.

Vanquished Creatures (others)
  Eustachio (D:4)
  2 jackals (D:4)
3 creatures vanquished.

Grand Total: 107 creatures vanquished

Notes
Turn   | Place    | Note
-------+----------+-------------------------------------------
     0 | D:1      | Rrauwl the Ogre Monk began the quest for the Orb.
     0 | D:1      | Reached XP level 1. HP: 24/24 MP: 1/1
   218 | D:1      | Reached XP level 2. HP: 18/32 MP: 2/2
   603 | D:1      | Reached skill level 1 in Throwing
   861 | D:2      | Reached XP level 3. HP: 40/40 MP: 3/3
  1211 | D:2      | Reached skill level 5 in Fighting
  1211 | D:2      | Reached XP level 4. HP: 36/50 MP: 4/4
  1443 | D:2      | Gained mutation: You are somewhat resistant to further mutation. [potion of mutation]
  1443 | D:2      | Gained mutation: You are clumsy. (Dex -2) [potion of mutation]
  1443 | D:2      | Gained mutation: Your natural rate of healing is unusually fast. [potion of mutation]
  1443 | D:2      | Gained mutation: You possess an exceptional clarity of mind. [potion of mutation]
  1452 | D:3      | Noticed Robin
  1462 | D:2      | Killed Robin
  1502 | D:3      | Reached XP level 5. HP: 46/57 MP: 5/5
  1512 | D:3      | Reached skill level 1 in Evocations
  2310 | D:3      | Reached skill level 6 in Fighting
  2310 | D:3      | Reached XP level 6. HP: 60/67 MP: 6/6
  2403 | D:4      | Noticed Draugr's ghost (amateur TeFE)
  2406 | D:4      | Killed Draugr's ghost
  2416 | D:4      | Noticed a slave
  2430 | D:4      | Killed a slave
  2438 | D:4      | Reached skill level 7 in Fighting
  2520 | D:4      | Noticed Pikel
  2520 | D:4      | Noticed a slave
  2521 | D:4      | Noticed a slave
  2521 | D:4      | Noticed a slave
  2540 | D:4      | Noticed Eustachio
  2560 | D:4      | Reached XP level 7. HP: 76/78 MP: 7/7
  2577 | D:4      | Killed Pikel
  2577 | D:4      | Reached skill level 8 in Fighting
  2577 | D:4      | Reached XP level 8. HP: 19/89 MP: 8/8
  2589 | D:4      | Killed Eustachio
  2847 | D:4      | Reached skill level 9 in Fighting
  2884 | D:4      | Found a shadowy altar of Dithmenos.
  3122 | D:5      | Entered Level 5 of the Dungeon
  3476 | D:5      | Noticed Menkaure
  3492 | D:5      | Slain by Menkaure

Skill      XL: |  1  2  3  4  5  6  7  8 |
---------------+-------------------------+-----
Throwing       | 1 2 |  2.0
Maces & Flails | 3 4 6 |  6.8
Dodging        | 3 |  3.0
Fighting       | 5 6 7 8 9 |  9.8
Evocations     | 1 |  1.0
Stealth        | |  1.4

Action                   |  1- 3 |  4- 6 |  7- 9 || total
-------------------------+-------+-------+-------++-------
Melee: Mace              |    41 |       |       ||    41
       Whip              |    49 |   164 |   169 ||   382
Evoke: Wand              |       |     3 |       ||     3
  Use: Potion            |     5 |     4 |       ||     9
       Scroll            |     6 |     1 |     2 ||     9
 Stab: Sleeping          |     2 |     2 |       ||     4
  Eat: Chunk             |     1 |     4 |     1 ||     6
       Ration            |       |       |     1 ||     1
Armor: Robe              |    31 |    43 |    14 ||    88
Dodge: Dodged            |    44 |    69 |    53 ||   166
Block: Large shield      |       |       |     8 ||     8
